 Dungeon Crawl Stone Soup version 0.26.0-15-gc6cd9f7 (webtiles) character file.

Game seed: 563213184543792755

253 ilyvion the Covert (level 6, -1/79 HPs)
             Began as a Gnoll Wanderer on Jan 19, 2021.
             Killed from afar by a white imp (10 damage)
             ... with a puff of frost
             ... summoned by Natasha
             ... on level 4 of the Dungeon.
             The game lasted 00:14:48 (3159 turns).

ilyvion the Covert (Gnoll Wanderer)                 Turns: 3159, Time: 00:14:49

Health: -1/79      AC: 23    Str: 17    XL:     6   Next: 14%
Magic:  8/8        EV:  2    Int: 15    God:
Gold:   151        SH: 12    Dex: 13    Spells: 8/8 levels left

rFire    . . .     SeeInvis .   a - +0 mace
rCold    . . .     Faith    .   B - +0 tower shield
rNeg     + + +     Spirit   .   (armour currently unavailable)
rPois    +         Reflect  .   (helmet currently unavailable)
rElec    .         Harm     .   (cloak currently unavailable)
rCorr    .         Rampage  .   (gloves currently unavailable)
Will     .....     NoTele   +   (boots currently unavailable)
Stlth    ++++......             (no amulet)
HPRegen  0.23/turn              (no ring)
MPRegen  0.11/turn              (no ring)

@: tree-form
A: distributed training, strong nose
a: no special abilities


You were on level 4 of the Dungeon.
You were a tree.
You visited 1 branch of the dungeon, and saw 4 of its levels.

You collected 151 gold pieces.

Inventory:

Hand Weapons
 a - a +0 mace (weapon)
 b - a +0 hunting sling
 e - a +0 dagger
 s - a +2 whip of holy wrath
 C - a +0 quarterstaff
Missiles
 g - 24 arrows
 i - 19 bolts
 j - 49 stones
 k - 5 boomerangs
Armour
 l - a +2 leather armour of poison resistance (melded)
 m - a +0 cloak (melded)
 w - a +1 helmet (melded)
 B - a +0 tower shield (worn)
Jewellery
 A - an uncursed ring of magical power {unknown}
Wands
 y - a wand of random effects (12)
Scrolls
 c - 3 scrolls of remove curse {unknown}
 h - 3 scrolls of magic mapping {unknown}
 o - 3 scrolls of identify {unknown}
 q - 3 scrolls of teleportation {unknown}
 t - a scroll of fog {unknown}
 u - a scroll of immolation {unknown}
 v - a scroll of random uselessness {unknown}
 x - a scroll of amnesia {unknown}
Potions
 f - a potion of might {unknown}
 n - a potion of curing
 p - a potion of degeneration {unknown}
 r - a potion of mutation {unknown}
 z - a potion of cancellation {unknown}


   Skills:
 + Level 6.8 Fighting
 + Level 1.8 Short Blades
 + Level 1.8 Long Blades
 + Level 1.8 Axes
 + Level 1.8 Maces & Flails
 + Level 1.8 Polearms
 + Level 3.1 Staves
 + Level 1.8 Slings
 + Level 1.8 Bows
 + Level 1.8 Crossbows
 + Level 1.8 Throwing
 + Level 1.8 Armour
 + Level 3.1 Dodging
 + Level 8.0 Stealth
 + Level 1.8 Shields
 + Level 1.8 Unarmed Combat
 + Level 1.8 Spellcasting
 + Level 1.4 Conjurations
 + Level 1.4 Hexes
 + Level 1.4 Summonings
 + Level 1.4 Necromancy
 + Level 1.4 Translocations
 + Level 1.4 Transmutations
 + Level 1.4 Fire Magic
 + Level 1.4 Ice Magic
 + Level 1.4 Air Magic
 + Level 1.4 Earth Magic
 + Level 1.4 Poison Magic
 + Level 2.0 Invocations
 + Level 3.1 Evocations


You had 8 spell levels left.
You didn't know any spells.
Your spell library was empty.

Dungeon Overview and Level Annotations

Branches:
Dungeon (4/15)
 Temple: D:4-7

Altars:

Annotations:
D:4 Natasha


Innate Abilities, Weirdness & Mutations

Your experience applies equally to all skills.
((You have very sharp teeth.))
Your uncanny sense of smell can sniff out nearby items.


Message History

You closely miss Natasha.
Natasha stares at you and mumbles some strange words.
The magic dart hits you but does no damage.
You block the white imp's attack. Natasha claws you.
* * * LOW HITPOINT WARNING * * *
The white imp gestures at you. The puff of frost hits you.
* * * LOW HITPOINT WARNING * * *
You hit Natasha.
Natasha is lightly wounded.
Natasha barely misses you.
The white imp hits you but does no damage.
The crimson imp blinks!
You hit Natasha.
Natasha is lightly wounded.
Natasha claws you but does no damage.
The white imp hits you but does no damage.
The white imp gestures at you. The puff of frost hits you!
You die...

...........#
.......†...# ..
...........# ...
........5h(######## ...
####'####......#..##(###
.. #....(.((.((.(.# ...
#......#.......# ..
#....w.#.......# . ∆
#......#♣......#
#.....§h5.....##
###############


You could see Natasha and a white imp (summoned).

Vanquished Creatures
  A hound (D:3)
  Ijyb (D:3)
  Natasha (twice) (D:4)
  A worker ant (D:3)
  2 adders (D:2)
  A gnoll (D:1)
  3 worms
  A dart slug (D:2)
  7 leopard geckos
  5 orcs
  7 bats
  2 giant cockroaches (D:3)
  7 goblins
  5 hobgoblins
  10 jackals
  A quokka (D:3)
  6 frilled lizards
  6 kobolds
  7 rats
75 creatures vanquished.

Notes
Turn   | Place    | Note
-------+----------+-------------------------------------------
     0 | D:1      | ilyvion the Gnoll Wanderer began the quest for the Orb.
     0 | D:1      | ilyvion set off with the following items: a +0
                  | quarterstaff, 2 throwing nets, a +0 leather armour, a
                  | potion of lignification, a +0 dagger
     0 | D:1      | Reached XP level 1. HP: 23/23 MP: 1/1
   166 | D:1      | Reached XP level 2. HP: 29/29 MP: 2/2
   372 | D:1      | Reached XP level 3. HP: 35/35 MP: 3/3
   949 | D:2      | Reached skill level 1 in Invocations
  1034 | D:2      | Reached skill level 1 in Short Blades
  1034 | D:2      | Reached skill level 1 in Long Blades
  1034 | D:2      | Reached skill level 1 in Axes
  1034 | D:2      | Reached skill level 1 in Maces & Flails
  1034 | D:2      | Reached skill level 1 in Polearms
  1034 | D:2      | Reached skill level 1 in Slings
  1034 | D:2      | Reached skill level 1 in Bows
  1034 | D:2      | Reached skill level 1 in Crossbows
  1034 | D:2      | Reached skill level 1 in Throwing
  1034 | D:2      | Reached skill level 1 in Armour
  1034 | D:2      | Reached skill level 1 in Shields
  1034 | D:2      | Reached skill level 1 in Unarmed Combat
  1034 | D:2      | Reached skill level 1 in Spellcasting
  1114 | D:2      | Reached XP level 4. HP: 41/41 MP: 5/5
  1845 | D:3      | Reached skill level 1 in Conjurations
  1845 | D:3      | Reached skill level 1 in Hexes
  1845 | D:3      | Reached skill level 1 in Summonings
  1845 | D:3      | Reached skill level 1 in Necromancy
  1845 | D:3      | Reached skill level 1 in Translocations
  1845 | D:3      | Reached skill level 1 in Transmutations
  1845 | D:3      | Reached skill level 1 in Fire Magic
  1845 | D:3      | Reached skill level 1 in Ice Magic
  1845 | D:3      | Reached skill level 1 in Air Magic
  1845 | D:3      | Reached skill level 1 in Earth Magic
  1845 | D:3      | Reached skill level 1 in Poison Magic
  2632 | D:4      | Noticed an ogre
  2637 | D:3      | Reached XP level 5. HP: 33/47 MP: 5/7
  2808 | D:4      | Noticed Ijyb
  2820 | D:3      | Killed Ijyb
  2925 | D:4      | Noticed Natasha
  2933 | D:4      | Killed Natasha
  2934 | D:4      | Reached skill level 8 in Stealth
  3059 | D:4      | Reached XP level 6. HP: 53/53 MP: 8/8
  3062 | D:4      | Noticed Natasha
  3084 | D:4      | Killed Natasha
  3126 | D:4      | Noticed Natasha
  3159 | D:4      | Killed from afar by a white imp

Illustrated notes

Levels and vault maps discovered:
D:1:      dpeg_arrival_another_circle, layout_basic
D:2:      layout_loops_ring
D:3:      layout_basic
D:4:      lemuel_castle_with_subvaults [lemuel_castle_interior_carwin_1],
          layout_gridville, uniq_ijyb, uniq_grinder, uniq_natasha

Skill      XL: |  1  2  3  4  5  6 |
---------------+-------------------+-----
Invocations    | 1 2 |  2.0
Short Blades   | 1 |  1.8
Long Blades    | 1 |  1.8
Axes           | 1 |  1.8
Maces & Flails | 1 |  1.8
Polearms       | 1 |  1.8
Slings         | 1 |  1.8
Bows           | 1 |  1.8
Crossbows      | 1 |  1.8
Throwing       | 1 |  1.8
Armour         | 1 |  1.8
Shields        | 1 |  1.8
Unarmed Combat | 1 |  1.8
Spellcasting   | 1 |  1.8
Conjurations   | 1 |  1.4
Hexes          | 1 |  1.4
Summonings     | 1 |  1.4
Necromancy     | 1 |  1.4
Translocations | 1 |  1.4
Transmutations | 1 |  1.4
Fire Magic     | 1 |  1.4
Ice Magic      | 1 |  1.4
Air Magic      | 1 |  1.4
Earth Magic    | 1 |  1.4
Poison Magic   | 1 |  1.4
Staves         | 3 |  3.1
Dodging        | 3 |  3.1
Evocations     | 3 |  3.1
Stealth        | 8 |  8.0
Fighting       | |  6.8

Action                   |  1- 3 |  4- 6 || total
-------------------------+-------+-------++-------
Melee: Quarterstaff      |    70 |    92 ||   162
       Bite              |     7 |    17 ||    24
       Mace              |       |    34 ||    34
 Fire: Hunting sling     |       |    81 ||    81
Throw: Throwing net      |     4 |       ||     4
       Stone             |     3 |       ||     3
  Use: Potion            |       |     1 ||     1
 Stab: Sleeping          |    15 |     3 ||    18
Armor: Leather armour    |    13 |    35 ||    48
       Skin              |       |     4 ||     4
Dodge: Dodged            |    30 |    70 ||   100
Block: Tower shield      |       |    29 ||    29
